 Dungeon Crawl Stone Soup version 0.21-a0-369-g397cdb2 (webtiles) character file.

205 Humpert the Slasher (level 5, -4/40 HPs)
             Began as a Demonspawn Gladiator on Oct 15, 2017.
             Slain by Crazy Yiuf
             ... wielding a +4 quarterstaff of chaos
              (12 damage)
             ... while paralysed by Crazy Yiuf
             ... on level 2 of the Dungeon.
             The game lasted 00:07:30 (3069 turns).

Humpert the Slasher (Demonspawn Gladiator)          Turns: 3069, Time: 00:07:30

Health: -4/40      AC:  7    Str: 15    XL:     5   Next: 52%
Magic:  5/5        EV:  2    Int:  9    God:
Gold:   111        SH:  0    Dex: 15    Spells: 4/4 levels left

rFire    . . .     SeeInvis .   a - +0 long sword
rCold    . . .     Gourm    .   (no shield)
rNeg     . . .     Faith    .   j - +3 leather armour
rPois    .         Spirit   .   c - +0 helmet
rElec    .         Reflect  .   (no cloak)
rCorr    .         Harm     .   (no gloves)
MR       .....                  (no boots)
Stlth    +.........             (no amulet)
HPRegen  0.13/turn              (no ring)
MPRegen  0.09/turn              (no ring)

@: paralysed
A: talons 1, powered by death 1
a: no special abilities


You were on level 2 of the Dungeon.
You were hungry.

You visited 1 branch of the dungeon, and saw 2 of its levels.

You collected 111 gold pieces.

Inventory:

Hand Weapons
 a - a +0 long sword (weapon)
Missiles
 d - 3 throwing nets (quivered)
Armour
 b - a +0 leather armour
 c - a +0 helmet (worn)
 j - a +3 leather armour (worn)
 m - a +0 buckler
Wands
 u - a wand of polymorph (11/24)
Scrolls
 g - 2 scrolls of blinking {unknown}
 h - a scroll of enchant weapon {unknown}
 l - a scroll of magic mapping {unknown}
 o - 2 scrolls of teleportation {unknown}
 r - a scroll of fear {unknown}
 s - 2 scrolls of identify {unknown}
 v - a scroll of remove curse {unknown}
Potions
 e - a potion of curing
 i - a potion of flight {unknown}
 k - a potion of degeneration {unknown}
 n - a potion of haste {unknown}
 p - a potion of mutation {unknown}
 t - a potion of cancellation {unknown}
Comestibles
 f - 2 bread rations


   Skills:
 * Level 2.9 Fighting
 + Level 3.9 Long Blades
 - Level 1.7 Throwing
 * Level 2.2 Armour
 + Level 3.2 Dodging
 * Level 1.4 Shields


You had 4 spell levels left.
You didn't know any spells.

Dungeon Overview and Level Annotations

Branches:
Dungeon (2/15)

Altars:
Cheibriados
Hepliaklqana
Makhleb
Wu Jian
Xom
Yredelemnul

Annotations:
D:2 Crazy Yiuf


Innate Abilities, Weirdness & Mutations

You have sharp toenails.
You regenerate a little health from kills.


Message History

You climb downwards.
Level annotation: Crazy Yiuf Crazy Yiuf hits you with a quarterstaff of chaos!
Crazy Yiuf freezes you.
Crazy Yiuf hits you with a quarterstaff of chaos!
There is a stone staircase leading up, spattered with blood here.
It was a potion of curing.
You feel better.
Crazy Yiuf hits you with a quarterstaff of chaos.
You suddenly lose the ability to move!
Crazy Yiuf laughs, "Line illywillydillykilly mumblescurry!"
Crazy Yiuf hits you with a quarterstaff of chaos!
Crazy Yiuf grits, "Fluff sanguine Orb Guardian!"
Crazy Yiuf hits you with a quarterstaff of chaos.
* * * LOW HITPOINT WARNING * * *
Crazy Yiuf hits you with a quarterstaff of chaos.
* * * LOW HITPOINT WARNING * * *
Crazy Yiuf freezes you.
* * * LOW HITPOINT WARNING * * *
Crazy Yiuf hits you with a quarterstaff of chaos!
You die...

..##..........................##
.##..#..#...................###
...........................######
......>......................#8.8
.............................#._.
.........##..............#####...
........###........#.....#8......
....##....#.....)........'....._.
..#.##........##@g###....#8......
....##...........## ####.#####...
##............[...### #....##._.
###...)...>....#...####....##8.8
####............###.#.......#####
...[...........##.....##....#
#####.#.......###.#..########
....(.#.##....###.##.#######
......#.#####.....##.#.....##


You could see Crazy Yiuf.

Vanquished Creatures
  Sigmund (D:2)
  An adder (D:2)
  A worm (D:1)
  A dart slug (D:2)
  6 goblins
  7 hobgoblins
  A quokka (D:2)
  5 bats
  4 frilled lizards
  2 kobolds
  3 rats
32 creatures vanquished.

Notes
Turn   | Place    | Note
-------+----------+-------------------------------------------
     0 | D:1      | Humpert the Demonspawn Gladiator began the quest for the Orb.
     0 | D:1      | Reached XP level 1. HP: 16/16 MP: 1/1
   787 | D:1      | Gained mutation: You regenerate a little health from kills. [demonic ancestry]
   787 | D:1      | Reached XP level 2. HP: 21/22 MP: 2/2
  1529 | D:2      | Reached skill level 1 in Armour
  1612 | D:2      | Reached XP level 3. HP: 14/27 MP: 3/3
  1811 | D:2      | Noticed Sigmund
  2470 | D:2      | Killed Sigmund
  2470 | D:2      | Reached skill level 1 in Shields
  2470 | D:2      | Gained mutation: You have sharp toenails. [demonic ancestry]
  2470 | D:2      | Reached XP level 4. HP: 32/34 MP: 4/4
  2470 | D:2      | Reached XP level 5. HP: 38/40 MP: 5/5
  2516 | D:2      | Found a basalt altar of Yredelemnul.
  2518 | D:2      | Found a hazy altar of Hepliaklqana.
  2518 | D:2      | Found a shimmering altar of Xom.
  2521 | D:2      | Found an ornate altar of the Wu Jian Council.
  2521 | D:2      | Found a shimmering altar of Xom.
  2521 | D:2      | Found a burning altar of Makhleb.
  2597 | D:2      | Found a runed door.
  2644 | D:2      | Found a snail-covered altar of Cheibriados.
  2777 | D:2      | Noticed Crazy Yiuf
  3064 | D:2      | Paralysed by Crazy Yiuf for 6 turns
  3069 | D:2      | Slain by Crazy Yiuf

Vault maps used:
D:1:      dpeg_arrival_fog
D:2:      nicolae_overflow_crystal_walls, minmay_misc_feat_five,
          doesnt_xom_only_xom, uniq_sigmund, uniq_crazy_yiuf_cottage

Skill      XL: |  1  2  3 |
---------------+----------+-----
Long Blades    | 3 |  3.9
Armour         | 1 2 |  2.2
Dodging        | 3 |  3.2
Shields        | 1 |  1.4
Fighting       | |  2.9
Throwing       | |  1.7

Action                   |  1- 3 |  4- 6 || total
-------------------------+-------+-------++-------
Melee: Long sword        |    91 |    11 ||   102
       Unarmed           |     8 |     3 ||    11
       Kick              |       |     2 ||     2
  Use: Potion            |     1 |     1 ||     2
 Stab: Sleeping          |     1 |       ||     1
  Eat: Chunk             |     4 |       ||     4
       Royal jelly       |       |     1 ||     1
Armor: Leather armour    |    41 |       ||    41
       Skin              |    10 |       ||    10
Dodge: Dodged            |    74 |     9 ||    83
       Rpst.: Long sword |    19 |       ||    19

Table legend:
 A = Spawn XP
 B = Non-spawn XP
 C = Spawn XP percentage of total XP
 D = Spawn monster count
 E = Non-spawn monster count
 F = Spawn count percentage of total count
 G = Total turns spent on level
                    A         B        C        D         E        F      G
               +---------+---------+-------+---------+---------+-------+---------
         Total |       0 |     293 |   0.0 |       0 |      32 |   0.0 |  3069
               +---------+---------+-------+---------+---------+-------+---------
           D:1 |       0 |      20 |   0.0 |       0 |      11 |   0.0 |  1933
           D:2 |       0 |     273 |   0.0 |       0 |      21 |   0.0 |  1136
               +---------+---------+-------+---------+---------+-------+---------
